 Dungeon Crawl Stone Soup version 0.30-a0-728-gc68057be0a (webtiles) character file.

Game seed: 8425113619716152563

26386 NinjaNoafa the Blocker (level 13, -3/74 HPs)
             Began as a Meteoran Earth Elementalist on Jan 30, 2023.
             Was a High Priest of Kikubaaqudgha.
             Killed by an exploding butterfly (19 damage)
             ... ignited by their inner flame
             ... on level 4 of the Lair of Beasts.
             The game lasted 00:55:01 (11115 turns).

NinjaNoafa the Blocker (MeEE)                      Turns: 11115, Time: 00:55:01

Health: -3/74      AC:  4    Str: 14    XL:     13   Next: 95%
Magic:  0/29       EV: 19    Int: 31    God:    Kikubaaqudgha [*****.]
Gold:   847        SH: 17    Dex: 16    Spells: 9/34 levels left

rFire   . . .      SeeInvis .    a - staff of air
rCold   . . .      Faith    .    R - +4 kite shield "Tetis" {+Inv Str+4}
rNeg    . . .      Spirit   +    W - +0 robe "Yplebela" {Regen+ Int+2 Dex+4 Stlth+}
rPois   .          Reflect  .    (no helmet)
rElec   +          Harm     .    (no cloak)
rCorr   .          Rampage  .    D - +0 pair of gloves of Voavy {Int+7 Dex-3}
Will    +....                    u - +0 pair of boots
Stlth   +                        S - amulet of guardian spirit
HPRegen 1.12/turn                d - +5 ring of evasion
MPRegen 0.21/turn                (no ring)

@: glowing, studying Fighting
A: sense surroundings 2, otherworldly, glowing, explore regen
a: Renounce Religion, Evoke Invisibility, Unearth Wretches, Torment


You were on level 4 of the Lair of Beasts.
You worshipped Kikubaaqudgha.
Kikubaaqudgha was extremely pleased with you.
You visited 3 branches of the dungeon, and saw 18 of its levels.
You also visited: Sewer, Ossuary and Bailey.

You collected 973 gold pieces.
You spent 126 gold pieces at shops.

Inventory:

Hand Weapons
 b - a +2 morningstar of protection
Missiles
 o - 8 boomerangs
 v - 25 poisoned darts
 M - 3 datura-tipped darts
 P - a curare-tipped dart
 T - a silver boomerang
 U - 5 atropa-tipped darts
Armour
 u - a +0 pair of boots (worn)
 D - the +0 pair of gloves of Voavy (worn) {Int+7 Dex-3}
   (You found it on level 5 of the Dungeon)

   Int:       It affects your intelligence (+7).
   Dex:       It affects your dexterity (-3).
 R - the +4 kite shield "Tetis" (worn) {+Inv Str+4}
   (You found it on level 9 of the Dungeon)

   Str:       It affects your strength (+4).
   +Inv:      It lets you turn invisible.
 W - the +0 robe "Yplebela" (worn) {Regen+ Int+2 Dex+4 Stlth+}
   (You found it on level 13 of the Dungeon)

   Int:       It affects your intelligence (+2).
   Dex:       It affects your dexterity (+4).
   Regen:     It increases your rate of health regeneration.
   Stlth:     It makes you more stealthy.
Magical Staves
 a - a staff of air (weapon)
Jewellery
 d - a +5 ring of evasion (left hand)
 S - an amulet of guardian spirit (around neck)
 V - a ring of ice
Wands
 i - a wand of polymorph (7)
 w - a wand of roots (7)
 y - a wand of flame (32)
 C - a wand of paralysis (11)
 K - a wand of light (13)
Scrolls
 e - a scroll of blinking
 h - 2 scrolls of butterflies
 j - 3 scrolls of vulnerability
 k - 5 scrolls of poison
 m - 3 scrolls of magic mapping
 n - a scroll of noise
 q - 2 scrolls of immolation
 r - 4 scrolls of teleportation
 t - 6 scrolls of fog
 E - 2 scrolls of fear {unknown}
 H - 5 scrolls of amnesia
 I - 2 scrolls of torment {unknown}
 L - 3 scrolls of enchant armour {unknown}
 Q - a scroll of enchant weapon
 X - a scroll of silence {unknown}
Potions
 c - a potion of cancellation {unknown}
 f - a potion of lignification
 g - 4 potions of haste
 l - 4 potions of resistance
 p - 4 potions of berserk rage
 s - 2 potions of ambrosia {unknown}
 x - 5 potions of might
 z - 4 potions of invisibility
 A - 5 potions of curing
 B - 2 potions of heal wounds
 F - 5 potions of mutation
 G - 2 potions of attraction {unknown}
 J - 5 potions of flight {unknown}
 N - 2 potions of experience {unknown}
 O - a potion of brilliance {unknown}


   Skills:
 - Level 9.0 Fighting
 - Level 4.0 Throwing
 - Level 7.0 Dodging
 - Level 1.4 Stealth
 + Level 12.9 Shields
 - Level 11.0 Spellcasting
 - Level 4.0 Conjurations
 - Level 7.9 Necromancy
 - Level 7.0 Transmutations
 - Level 3.0 Air Magic
 - Level 10.0 Earth Magic
 - Level 3.0 Poison Magic
 - Level 7.0 Evocations


You had 9 spell levels left.
You knew the following spells:

 Your Spells              Type           Power      Damage    Failure   Level
a - Sandblast             Erth           100%       2d20      1%          1
b - Passwall              Tmut/Erth      52%        N/A       1%          2
c - Stone Arrow           Conj/Erth      100%       3d13      1%          3
d - Petrify               Tmut/Erth      63%        N/A       1%          4
e - Necrotise             Necr           100%       1d9       1%          1
f - Mephitic Cloud        Conj/Pois/Air  54%        N/A       4%          3
g - Vampiric Draining     Necr           60%        2d10      1%          3
h - Sublimation of Blood  Necr           60%        N/A       1%          2
i - Dispel Undead         Necr           60%        3d21      2%          4
j - Cigotuvi's Dreadful   Necr/Pois/Air  100%       N/A       1%          2

Your spell library contained the following spells:

 Spells                   Type           Power      Damage    Failure   Level
 Poisonous Vapours        Pois/Air       100%       N/A       2%          2
 Apportation              Tloc           34%        N/A       5%          1
 Freeze                   Ice            68%        1d8       5%          1
 Summon Small Mammal      Summ           68%        N/A       5%          1
 Agony                    Necr           60%        N/A       6%          5
 Hailstorm                Conj/Ice       29%        3d8       8%          3
 Anguish                  Hex/Necr       20%        N/A       11%         4
 Olgreb's Toxic Radiance  Pois           35%        N/A       16%         4
 Frozen Ramparts          Ice            34%        1d6       17%         3
 Death Channel            Necr           30%        N/A       34%         6
 Summon Ice Beast         Ice/Summ       17%        N/A       50%         4
 Summon Mana Viper        Hex/Summ       17%        N/A       83%         5
 Monstrous Menagerie      Summ           8%         N/A       100%        7
 Ozocubu's Refrigeration  Ice            8%         4d9       100%        7
 Ignition                 Fire           8%         3d5       100%        8


Dungeon Overview and Level Annotations

Branches:
Dungeon (13/15) Zot: 68    Temple (1/1) D:5 Zot: 412    Lair (4/5) D:8 Zot: 473
 Shoals (0/4) Lair:2          Orc (0/2) D:9           Sewer (visited)
Ossuary (visited)          Bailey (visited)
  Snake: Lair:2-3    Spider: Lair:2-3     Slime: Lair:4-5    Vaults: D:13-14

Altars:
Ashenzari
Cheibriados
Dithmenos
Elyvilon
Fedhas
Gozag
Hepliaklqana
Kikubaaqudgha
Makhleb
Nemelex Xobeh
Okawaru
Qazlal
Ru
Sif Muna
Trog
Uskayaw
Vehumet
Wu Jian
Xom
Yredelemnul
Zin
The Shining One

Shops:
D:2 !   D:5 =   D:7 ?   D:8 (   D:12 (

Annotations:
Lair:2 2 transporters
Lair:4 1 runed translucent door, Kinepo's ghost, journeyman FoFi; Kirke


Innate Abilities, Weirdness & Mutations

You passively map the area around you.
You are easily found by Zot.
You glow in the dark.
You regain HP and MP as you explore.


Message History

The sphinx is engulfed in poison gas.
The sphinx is poisoned.
As you read the scroll labelled TAWUHO NAFIL, it crumbles to dust.
You hear the flapping of tiny wings.
It was a scroll of butterflies.
You feel sick.
The sphinx is engulfed in poison gas.
The sphinx looks even sicker.
The sphinx misses your butterfly.
The sphinx closely misses your butterfly.
The sphinx barely misses your butterfly.
As you read the scroll labelled CUYKKO MOIRERPH, it crumbles to dust.
The creatures around you are filled with an inner flame!
It was a scroll of immolation.
You feel sick.
You are no longer poisoned.
Flame seeps out of the sphinx.
Your butterfly is engulfed in poison gas.
Your butterfly is poisoned.
Your butterfly disappears in a burst of colours!
Your butterfly explodes!
The fiery explosion engulfs your butterfly!!!
Your butterfly disappears in a burst of colours!
The fiery explosion engulfs your butterfly!!
Your butterfly disappears in a burst of colours!
The fiery explosion engulfs your butterfly!!
Your butterfly disappears in a burst of colours!
The fiery explosion engulfs the fungus!!
The fungus begins to die.
The fungus is lightly damaged.
The fiery explosion engulfs your butterfly!
Your butterfly disappears in a burst of colours!
The fiery explosion engulfs your butterfly!!
Your butterfly disappears in a burst of colours!
The fiery explosion engulfs the fungus!!
The fungus begins to die.
The fungus is lightly damaged.
The fiery explosion engulfs you!!
* * * LOW HITPOINT WARNING * * *
Your butterfly explodes!
The fiery explosion engulfs your butterfly!!
Your butterfly disappears in a burst of colours!
The fiery explosion engulfs you!!
You die...
Kikubaaqudgha rasps: "You have failed me!
Welcome... death!"

....#..#....................,
#.......§#§§§§§§§§§§§§....)..
#....####§§§§§§§#§§§§#.......
,,.#.# #§§§§§§b#bb§#.#....#.
,,.#* ##§§§§bb#b§§###...## *
###bbb§§bb## * ### #b§§§Pbbb#
###§§Pbbb# #########§§§@bbb#*
###...##.#§b§bbb##b#
.##.#..†.†h.§§bbbb# ##
.......h..kh§H§§§b#
......#..###bbb§b§#*
..##.####.###b###§§# .* ###
## ### #§## ##


You could see a sphinx (summoned, inner flame, very poisoned, ally target), a
lindwurm (summoned, inner flame) and 2 hogs.

Vanquished Creatures
  2 vault guards (Bailey)
  2 hydras
  A deep elf pyromancer (D:12)
  A harpy (shapeshifter) (D:13)
  A cyclops (D:9)
  5 elephants (Lair:3)
  3 black mambas
  A demonic crawler (Lair:3)
  6 gargoyles
  A torpor snail (Lair:1)
  2 cane toads
  A rime drake (Lair:4)
  5 komodo dragons
  2 trolls
  Prince Ribbit (Bailey)
  6 blink frogs
  Sigmund (D:2)
  3 wraiths
  2 shadows
  23 yaks
  4 basilisks
  3 steam dragons
  A yak (shapeshifter) (D:13)
  2 wyverns
  4 humans (Bailey)
  5 hogs (Lair:4)
  8 vampire mosquitoes
  A swamp worm (Lair:3)
  3 acid dragons
  6 water moccasins
  An ice beast (D:7)
  4 orc warriors
  2 black bears
  4 wolves (Lair:1)
  2 ogres
  4 kobold brigands
  A phantom (D:5)
  19 bullfrogs
  3 scorpions
  A necrophage (D:6)
  11 wights
  3 howler monkeys
  An electric eel (Lair:1)
  6 hounds
  A human zombie (Ossuary)
  4 orc priests
  3 jellies
  Jessica (D:2)
  A gnoll bouda (D:7)
  Ijyb (D:4)
  3 iguanas
  5 orc wizards
  3 mummies (Ossuary)
  14 adders
  3 gnolls (D:7)
  3 river rats
  3 white imps
  An ufetubus (D:4)
  9 worms
  4 dart slugs
  28 orcs
  12 ball pythons
  2 bats (D:1)
  4 endoplasms
  3 giant cockroaches
  3 gnoll zombies (Ossuary)
  11 goblins
  7 hobgoblins
  3 jackals (D:1)
  31 kobolds
  3 quokkas
  3 frilled lizards
  A goblin skeleton (D:7)
  12 goblin zombies
  6 hobgoblin zombies
  A kobold skeleton (D:7)
  3 kobold zombies (Ossuary)
  An orc skeleton (D:7)
  An orc zombie (D:7)
  10 rats
372 creatures vanquished.

Vanquished Creatures (collateral kills)
  A yak (Lair:2)
  An iguana (D:7)
2 creatures vanquished.

Vanquished Creatures (others)
  A wight (D:7)
  12 fungi
  24 plants
37 creatures vanquished.

Grand Total: 411 creatures vanquished

Notes
Turn   | Place    | Note
-------+----------+-------------------------------------------
     0 | D:1      | NinjaNoafa the Meteoran Earth Elementalist began the quest
                  | for the Orb.
     0 | D:1      | Reached XP level 1. HP: 14/14 MP: 5/5
   104 | D:1      | Reached XP level 2. HP: 20/20 MP: 0/6
   341 | D:1      | Reached XP level 3. HP: 26/26 MP: 3/8
   487 | D:1      | Glimpsed the power of Zot.
   546 | D:2      | Noticed Jessica
   562 | D:2      | Killed Jessica
   563 | D:2      | Reached XP level 4. HP: 33/33 MP: 5/10
   572 | D:2      | Learned a level 2 spell: Passwall
   740 | D:2      | Reached XP level 5. HP: 35/38 MP: 8/11
   756 | D:2      | Noticed Sigmund
   867 | D:2      | Found Zonk's Distillery.
  1002 | D:2      | Killed Sigmund
  1003 | D:2      | Reached skill level 5 in Spellcasting
  1003 | D:2      | Reached skill level 5 in Earth Magic
  1003 | D:2      | Reached XP level 6. HP: 40/45 MP: 8/14
  1068 | D:2      | Glimpsed the power of Zot.
  1520 | D:3      | Reached XP level 7. HP: 43/50 MP: 12/15
  1690 | D:4      | Noticed Ijyb
  1696 | D:4      | Killed Ijyb
  1752 | D:4      | Reached skill level 5 in Transmutations
  1773 | D:5      | Entered Level 5 of the Dungeon
  1834 | D:4      | Reached skill level 1 in Fighting
  1839 | D:4      | Found a shadowy altar of Dithmenos.
  1900 | D:4      | Reached XP level 8. HP: 59/59 MP: 14/17
  1900 | D:4      | Found an ancient bone altar of Kikubaaqudgha.
  1916 | D:4      | Became a worshipper of Kikubaaqudgha
  2030 | D:5      | Found a glowing drain.
  2042 | D:5      | Reached skill level 1 in Conjurations
  2084 | Sewer    | Entered a sewer
  2175 | Sewer    | Learned a level 3 spell: Stone Arrow
  2329 | Sewer    | Reached * piety under Kikubaaqudgha
  2329 | Sewer    | Received a gift from Kikubaaqudgha
  2447 | Sewer    | Glimpsed the power of Zot.
  2482 | Sewer    | Glimpsed the power of Zot.
  2709 | D:5      | Reached skill level 5 in Dodging
  2712 | D:5      | Gained mutation: You passively map the area around you.
                  | [Meteoran growth]
  2712 | D:5      | Reached XP level 9. HP: 61/69 MP: 13/19
  2713 | D:5      | Found Hoschey's Jewellery Shop.
  2898 | D:5      | Found a staircase to the Ecumenical Temple.
  2906 | D:5      | Identified the +0 pair of gloves of Voavy {Int+7 Dex-3}
  2923 | Temple   | Entered the Ecumenical Temple
  3219 | D:6      | Learned a level 4 spell: Petrify
  3221 | D:6      | Learned a level 1 spell: Necrotise
  3277 | D:6      | Reached ** piety under Kikubaaqudgha
  3278 | D:6      | Reached skill level 1 in Necromancy
  3343 | D:7      | Found Ijosenwe's Magic Scroll Shoppe.
  3353 | D:7      | Bought a scroll of fog for 56 gold pieces
  3353 | D:7      | Bought a scroll of identify for 28 gold pieces
  3353 | D:7      | Bought a scroll of teleportation for 42 gold pieces
  3373 | D:7      | Found a sand-covered staircase.
  3377 | Ossuary  | Entered an ossuary
  3799 | D:7      | Reached XP level 10. HP: 75/77 MP: 4/23
  3805 | D:7      | Noticed a gargoyle
  3834 | D:7      | Killed a gargoyle
  3883 | D:7      | Reached *** piety under Kikubaaqudgha
  3883 | D:7      | Received a gift from Kikubaaqudgha
  3885 | D:7      | Found a glowing golden altar of the Shining One.
  3905 | D:7      | Learned a level 2 spell: Sublimation of Blood
  4031 | D:7      | Noticed a gargoyle
  4034 | D:7      | Killed a gargoyle
  4186 | D:7      | Noticed a gargoyle
  4190 | D:7      | Killed a gargoyle
  4191 | D:7      | Reached skill level 5 in Necromancy
  4225 | D:7      | Noticed a gargoyle
  4227 | D:7      | Killed a gargoyle
  4233 | D:7      | Noticed a gargoyle
  4238 | D:7      | Killed a gargoyle
  4855 | D:6      | Found a snail-covered altar of Cheibriados.
  4933 | D:6      | Learned a level 3 spell: Vampiric Draining
  4938 | D:6      | Learned a level 4 spell: Dispel Undead
  4942 | D:6      | Learned a level 3 spell: Mephitic Cloud
  4945 | D:6      | Learned a level 2 spell: Cigotuvi's Dreadful Rot
  4953 | D:6      | Glimpsed the power of Zot.
  5003 | D:7      | Glimpsed the power of Zot.
  5052 | D:8      | Reached skill level 10 in Spellcasting
  5052 | D:8      | Reached skill level 10 in Earth Magic
  5106 | D:8      | Found Duith's Weapon Boutique.
  5370 | D:8      | Reached XP level 11. HP: 82/82 MP: 24/26
  5372 | D:8      | Reached **** piety under Kikubaaqudgha
  5373 | D:8      | Reached skill level 1 in Evocations
  5539 | D:8      | Glimpsed the power of Zot.
  5558 | D:8      | Found a staircase to the Lair.
  5564 | Lair:1   | Entered Level 1 of the Lair of Beasts
  5591 | D:8      | Glimpsed the power of Zot.
  5628 | D:9      | You fall into a shaft and drop 3 floors!
  5829 | D:10     | Entered Level 10 of the Dungeon
  5860 | D:10     | Found a radiant altar of Vehumet.
  5884 | D:10     | Found a flagged portal.
  5893 | Bailey   | Entered a bailey
  5902 | Bailey   | Reached skill level 5 in Fighting
  5967 | Bailey   | Reached skill level 5 in Evocations
  5987 | Bailey   | Noticed a vault guard
  5987 | Bailey   | Noticed Prince Ribbit
  6010 | Bailey   | Killed a vault guard
  6024 | Bailey   | Killed Prince Ribbit
  6034 | Bailey   | Noticed a vault guard
  6069 | Bailey   | Killed a vault guard
  6314 | D:9      | Identified the +4 kite shield "Tetis" {+Inv Str+4}
  6610 | D:9      | Reached skill level 1 in Shields
  6614 | D:9      | Reached skill level 2 in Shields
  6622 | D:9      | Found a staircase to the Orcish Mines.
  6635 | D:9      | Reached skill level 3 in Shields
  6947 | D:9      | Reached XP level 12. HP: 94/94 MP: 18/27
  6967 | D:9      | Reached skill level 4 in Shields
  6978 | D:9      | Reached skill level 5 in Shields
  7012 | D:9      | Reached skill level 6 in Shields
  7247 | D:8      | Found a sparkling altar of Nemelex Xobeh.
  7301 | D:9      | Reached ***** piety under Kikubaaqudgha
  7304 | D:9      | Reached skill level 7 in Shields
  7463 | D:9      | Found a shimmering blue altar of Sif Muna.
  7616 | D:9      | Found a blossoming altar of Fedhas.
  7616 | D:9      | Found a shimmering altar of Xom.
  7623 | D:9      | Found a faded altar of an unknown god.
  7625 | D:9      | Found a sacrificial altar of Ru.
  7626 | D:9      | Found a burning altar of Makhleb.
  8185 | D:10     | Glimpsed the power of Zot.
  8224 | D:10     | Reached skill level 8 in Shields
  8235 | D:10     | Glimpsed the power of Zot.
  8274 | D:12     | Glimpsed the power of Zot.
  8284 | D:12     | Touched by the power of Zot.
  8358 | D:13     | Identified the +0 robe "Yplebela" {Regen+ Int+2 Dex+4
                  | Stlth+}
  8431 | D:13     | Noticed a harpy
  8432 | D:13     | Killed a harpy
  8505 | D:12     | Noticed a deep elf pyromancer
  8584 | D:12     | Killed a deep elf pyromancer
  8585 | D:12     | Reached skill level 9 in Shields
  8639 | D:12     | Found Baef's Antique Weapon Emporium.
  8669 | D:13     | Noticed a four-headed hydra
  8695 | D:13     | Killed a four-headed hydra
  8962 | D:13     | Reached skill level 1 in Throwing
  8996 | D:12     | Glimpsed the power of Zot.
  9045 | D:10     | Glimpsed the power of Zot.
  9084 | D:9      | Glimpsed the power of Zot.
  9094 | D:9      | Touched by the power of Zot.
  9220 | Lair:1   | Reached XP level 13. HP: 66/66 MP: 22/28
  9300 | Lair:1   | Reached skill level 10 in Shields
  9393 | Lair:2   | Found a transporter.
  9397 | Lair:2   | Found a transporter.
  9397 | Lair:2   | Noticed a boulder beetle
  9568 | Lair:2   | Noticed a boulder beetle
  9641 | Lair:2   | Reached skill level 11 in Shields
  9942 | Lair:2   | Found a staircase to the Shoals.
 10380 | Lair:3   | Reached skill level 12 in Shields
 10400 | Lair:3   | Noticed a four-headed hydra
 10414 | Lair:3   | Killed a four-headed hydra
 10809 | Lair:1   | Noticed a seven-headed hydra
 10844 | D:8      | Glimpsed the power of Zot.
 10891 | Lair:1   | Glimpsed the power of Zot.
 10940 | Lair:2   | Glimpsed the power of Zot.
 11003 | Lair:4   | Found a runed translucent door.
 11006 | Lair:4   | Identified the +1 trident "Aqapei Ciasch" {antimagic, rF+}
 11006 | Lair:4   | Noticed Kinepo's ghost (journeyman FoFi)
 11087 | Lair:4   | Noticed Kirke
 11110 | Lair:4   | Noticed a sphinx
 11115 | Lair:4   | Killed by an exploding butterfly... ignited by their inner
                  | flame

Illustrated notes

Levels and vault maps discovered:
D:1:      psy_arrival_spokes, layout_basic
D:2:      layout_loops_ring, serial_shops, nicolae_shop_window_shopping,
          grunt_ministairs_15, uniq_sigmund, uniq_jessica
D:3:      layout_loops_corners
D:4:      kennysheep_big_flooded_room, layout_basic, kiku_gazebo_pond_becter,
          nicolae_dithmenos_through_a_glass_darkly, uniq_ijyb
D:5:      layout_rooms, temple_hall, serial_shops, nicolae_shop_statue_plus,
          cheibrodos_sewer_entry_sluice
D:6:      layout_basic, cheibriados_altar_1, nrook_mini_backslash
D:7:      cheibrodos_statue_roulette, layout_rooms,
          nicolae_tso_besieged_by_evil, nicolae_ossuary_entry_plus,
          serial_shops, shop
D:8:      layout_basic, kennysheep_mini, erik_lair_dragon, serial_shops,
          shop_statue
D:9:      layout_loops_corners, marbit_many_paths,
          chequers_temple_overflow_minitemple, david_orc_3,
          minmay_variable_closet
D:10:     layout_roguey, mainiacjoe_overflow_brackets, enter_bailey_2
D:11:     layout_long_grid, hangedman_glass_teeth
D:12:     layout_gridville, serial_shops, shop_coins
D:13:     layout_loops_ring
Temple:   bh_familiar_temple
Lair:1:   layout_gridlike, chequers_serial_rivers_micro_e,
          chequers_serial_rivers_room_a, st_stairs_9, lemuel_fruit_fields
Lair:2:   gammafunk_boulding_lane, layout_cave_pods, elwin_shoals_entry_rocks
Lair:3:   layout_roguey, nicolae_snake_entry_warm_welcome, worms_lemuel,
          infiniplex_staircase_pool_2, serial_bayou_shore_b, grunt_megastairs_5,
          serial_bayou_shore_a, serial_bayou_shore_b
Lair:4:   layout_misc_corridors, slime_entry_1, ebering_ghost_funeral_grove,
          cheibrodos_lair_caveside_slide, uniq_kirke

Skill      XL: |  1  2  3  4  5  6  7  8  9 10 11 12 13 |
---------------+----------------------------------------+-----
Spellcasting   | 3 5 6 8 10 11 | 11.0
Earth Magic    | 4 5 6 8 10 | 10.0
Transmutations | 2 4 5 6 7 |  7.0
Fighting       | 1 3 5 6 9 |  9.0
Dodging        | 3 5 7 |  7.0
Conjurations   | 3 4 |  4.0
Necromancy     | 3 6 7 |  7.9
Evocations     | 5 6 7 |  7.0
Air Magic      | 3 |  3.0
Poison Magic   | 3 |  3.0
Shields        | 3 9 12 | 12.9
Throwing       | 2 4 |  4.0
Stealth        | |  1.4

Action                     |  1- 3 |  4- 6 |  7- 9 | 10-12 | 13-15 || total
---------------------------+-------+-------+-------+-------+-------++-------
  Melee: Unarmed           |     1 |       |       |       |       ||     1
         Short sword       |     9 |     5 |       |       |       ||    14
         Staff             |       |       |    14 |    22 |    16 ||    52
         Morningstar       |       |       |       |     6 |    11 ||    17
  Throw: Boomerang         |       |       |       |     3 |       ||     3
         Dart              |       |       |       |       |     1 ||     1
   Cast: Sandblast         |    34 |    38 |   192 |    87 |     9 ||   360
         Passwall          |       |     4 |     1 |    10 |     2 ||    17
         Stone Arrow       |       |       |    20 |   151 |   105 ||   276
         Necrotise         |       |       |    11 |    24 |    23 ||    58
         Vampiric Draining |       |       |       |    54 |    25 ||    79
         Mephitic Cloud    |       |       |       |    16 |    12 ||    28
         Sublimation of Bl |       |       |       |    19 |    16 ||    35
         Petrify           |       |       |       |    14 |     8 ||    22
         Cigotuvi's Dreadf |       |       |       |     2 |     1 ||     3
 Invoke: Torment           |       |       |       |       |     1 ||     1
  Evoke: Wand              |       |       |       |     5 |     1 ||     6
    Use: Scroll            |       |       |     6 |    12 |     6 ||    24
         Potion            |       |       |       |     7 |     5 ||    12
   Stab: Petrified         |       |       |       |     2 |     1 ||     3
 Armour: Robe              |     9 |     3 |       |     5 |    18 ||    35
         Leather armour    |       |     1 |    52 |    10 |       ||    63
         Acid dragon scale |       |       |       |    13 |       ||    13
         Troll leather arm |       |       |       |     3 |       ||     3
  Dodge: Dodged            |    35 |    18 |   167 |   131 |   103 ||   454
  Block: Kite shield       |       |       |       |   100 |   154 ||   254

Table legend: (Time is in decaauts)
 A = Elapsed time spent in this place.
 B = Non-inter-level travel time spent in this place.
 C = Inter-level travel time spent in this place.
 D = Time resting spent in this place.
 E = Time spent auto-exploring this place.
 F = Levels seen in this place.
 G = Mean time per level.
                   A        B        C        D        E       F      G
               +--------+--------+--------+--------+--------+-----+--------+
         Total |  11478 |  10328 |   1150 |    254 |   4990 |  21 |  546.6 |
       Dungeon |   8132 |   7213 |    919 |    244 |   3551 |  13 |  625.5 |
        Temple |    187 |    167 |     20 |      0 |    164 |   1 |  187.0 |
          Lair |   1925 |   1714 |    211 |     10 |    866 |   4 |  481.2 |
         Sewer |    586 |    586 |      0 |      0 |     83 |   1 |  586.0 |
       Ossuary |    386 |    386 |      0 |      0 |    232 |   1 |  386.0 |
        Bailey |    259 |    259 |      0 |      0 |     92 |   1 |  259.0 |
               +--------+--------+--------+--------+--------+-----+--------+

Top non-repeatable levels by time:
     D:9: 1276 daAuts
     D:8: 941 daAuts
  Lair:2: 885 daAuts
     D:7: 781 daAuts
    D:10: 762 daAuts
     D:4: 672 daAuts
     D:3: 634 daAuts
     D:5: 612 daAuts
  Lair:3: 599 daAuts
   Sewer: 586 daAuts
     D:2: 573 daAuts
     D:1: 563 daAuts
    D:13: 555 daAuts
 Ossuary: 386 daAuts
     D:6: 327 daAuts
